 Dungeon Crawl Stone Soup version 0.20-a0-792-g09bcfd3 (webtiles) character file.

22226 krabocopter the Cleaver (level 12, -4/110 HPs)
             Began as a Deep Dwarf Fighter on Feb 28, 2017.
             Was a High Priest of Makhleb.
             Slain by a 16-headed hydra (13 damage)
             ... on level 1 of the Lair of Beasts.
             The game lasted 00:58:59 (12046 turns).

krabocopter the Cleaver (Deep Dwarf Fighter)       Turns: 12046, Time: 00:59:02

Health: -4/110     AC: 14    Str: 19    XL:     12   Next: 61%
Magic:  10/10      EV: 19    Int: 11    God:    Makhleb [*****.]
Gold:   121        SH: 17    Dex: 23    Spells: 11/11 levels left

rFire    . . .     SeeInvis .   U - +2 war axe (freeze)
rCold    . . .     Gourm    .   S - +4 ring mail "Jagos" {Regen+ Dex+7}
rNeg     + . .     Faith    .   c - +0 shield
rPois    .         Spirit   .   v - +1 hat
rElec    +         Reflect  .   (no cloak)
rCorr    .         Harm     .   O - +0 pair of gloves
MR       +....                  (no boots)
Stlth    +.........             g - amulet of rage
Regen    0.0/turn               e - ring of Lephear {+Fly rElec Str-2 Slay+4}
MPRegen  0.2/turn               s - ring of Etaitz {rN+ Slay+5}

@: non-regenerating
A: damage resistance, heal wounds, icy blue scales 1, large bone plates 1, sense
surroundings 2, strong 1, no regeneration
a: Heal Wounds, Minor Destruction, Lesser Servant of Makhleb, Major Destruction,
Greater Servant of Makhleb, Renounce Religion, Evoke Berserk Rage, Evoke Flight


You were on level 1 of the Lair of Beasts.
You worshipped Makhleb.
Makhleb was extremely pleased with you.
You were hungry.

You visited 3 branches of the dungeon, and saw 15 of its levels.
You also visited: Ossuary.

You collected 734 gold pieces.
You spent 613 gold pieces at shops.

Inventory:

Hand Weapons
 J - the +8 dagger "Viasupebb" {flame, Int+4}
   (You took it off a big kobold on level 8 of the Dungeon)

   It has been specially enchanted to burn those struck by it, causing extra
   injury to most foes and up to half again as much damage against particularly
   susceptible opponents.
   It affects your intelligence (+4).
 R - a +2 war axe of venom
 U - a +2 war axe of freezing (weapon)
Armour
 c - a +0 shield (worn)
 v - a +1 hat (worn)
 E - a +4 ring mail of fire resistance
 O - a +0 pair of gloves (worn)
 S - the +4 ring mail "Jagos" (worn) {Regen+ Dex+7}
   (You bought it in a shop on level 12 of the Dungeon)

   It affects your dexterity (+7).
   It increases your rate of regeneration.
Jewellery
 e - the ring of Lephear (right hand) {+Fly rElec Str-2 Slay+4}
   (You found it on level 10 of the Dungeon)

   [ring of flight]

   It affects your strength (-2).
   It affects your accuracy and damage with ranged weapons and melee attacks
   (+4).
   It insulates you from electricity.
   It lets you fly.
 g - an amulet of rage (around neck)
 p - an uncursed ring of resist corrosion
 s - the ring of Etaitz (left hand) {rN+ Slay+5}
   (You acquired it on level 5 of the Dungeon)

   [ring of slaying]

   It affects your accuracy and damage with ranged weapons and melee attacks
   (+5).
   It protects you from negative energy.
 M - an uncursed ring of stealth
Wands
 a - a wand of flame (37/48)
 b - a wand of lightning (9/15)
 q - a wand of disintegration (10/24)
 r - a wand of enslavement (14/24)
 G - a wand of lightning (8/15)
 N - a wand of lightning (6/15)
 Q - a wand of acid (6/15)
 X - a wand of random effects (26/48)
 Y - a wand of enslavement (5/24)
Scrolls
 i - 4 scrolls of teleportation
 j - 4 scrolls of identify
 l - 3 scrolls of recharging
 y - 3 scrolls of amnesia
 z - a scroll of enchant armour
 A - a scroll of enchant weapon
 B - 3 scrolls of remove curse
 D - 2 scrolls of fog
 F - 5 scrolls of immolation
 T - a scroll of blinking
Potions
 d - 2 potions of might
 h - 2 potions of heal wounds
 k - 2 potions of brilliance
 t - 2 potions of flight
 x - 13 potions of curing
 C - 5 potions of lignification
 I - a potion of invisibility
 V - a potion of mutation
 Z - a potion of resistance
Books
 m - a book of Battle

   Spells                             Type                      Level
   a - Infusion                       Charms                       1
   b - Shroud of Golubria             Charms/Translocation         2
   c - Song of Slaying                Charms                       2
   d - Spectral Weapon                Hexes/Charms                 3
   e - Regeneration                   Charms/Necromancy            3
 K - the Almanac of Lethal Ignition
   (You found it on level 8 of the Dungeon)

   Spells                             Type                      Level
   a - Sublimation of Blood           Necromancy                   2
   b - Inner Flame                    Hexes/Fire                   3
   c - Fireball                       Conjuration/Fire             5
   d - Bolt of Draining               Conjuration/Necromancy       5
   e - Dispel Undead                  Necromancy                   5
 L - a book of Power

   Spells                             Type                      Level
   a - Iskenderun's Battlesphere      Conjuration/Charms           5
   b - Venom Bolt                     Conjuration/Poison           5
   c - Bolt of Magma                  Conjuration/Fire/Earth       5
   d - Iron Shot                      Conjuration/Earth            6
   e - Orb of Destruction             Conjuration                  7
   f - Spellforged Servitor           Conjuration/Summoning        7
 P - a book of Maledictions

   Spells                             Type                      Level
   a - Corona                         Hexes                        1
   b - Ensorcelled Hibernation        Hexes/Ice                    2
   c - Confuse                        Hexes                        3
   d - Tukima's Dance                 Hexes                        3
   e - Dazzling Spray                 Conjuration/Hexes            3
 W - a book of Dreams

   Spells                             Type                      Level
   a - Ensorcelled Hibernation        Hexes/Ice                    2
   b - Silence                        Hexes/Air                    5
   c - Darkness                       Hexes                        6
   d - Shadow Creatures               Summoning                    6
Miscellaneous
 w - a phial of floods
Comestibles
 f - 12 bread rations
 n - 8 royal jellies
 u - 5 fruits
 H - 5 meat rations


   Skills:
 + Level 8.1 Fighting
 - Level 12.9 Axes
 + Level 6.6 Armour
 - Level 10.3 Dodging
 - Level 11.0 Shields
 + Level 6.1 Invocations
 - Level 5.0 Evocations


You had 11 spell levels left.
You didn't know any spells.

Dungeon Overview and Level Annotations

Branches:
Dungeon (13/15)            Temple (1/1) D:6            Lair (1/6) D:9
    Orc (0/2) D:11
 Vaults: D:13-14

Altars:
Ashenzari
Cheibriados
Dithmenos
Elyvilon
Fedhas
Gozag
Hepliaklqana
Kikubaaqudgha
Makhleb
Nemelex Xobeh
Okawaru
Qazlal
Ru
Sif Muna
Trog
Uskayaw
Vehumet
Wu Jian
Xom
Yredelemnul
Zin
The Shining One

Shops:
D:7 :   D:9 !   D:12 [

Annotations:
D:3 1 runed door
Lair:1 exclusion: oklob plant


Innate Abilities, Weirdness & Mutations

You are resistant to damage.
You can heal yourself by infusing magical energy.
You passively map the area around you.
You do not regenerate.
You are partially covered in icy blue scales. (AC +2)
You are partially covered in large bone plates. (SH +4)
Your muscles are strong. (Str +2)


Message History

You feel better.
You regained 7 hp, and now have 32/110 hp.
You don't know any spells.
Unknown command.
Okay, then.
Unknown command.
Unknown command.
Aim: a 16-headed hydra (almost dead, slow)
The 16-headed hydra resists with almost no effort.
The 16-headed hydra closely misses you.
You block the 16-headed hydra's attack. x2
The 16-headed hydra bites you but does no damage.
You block the 16-headed hydra's attack. x2
The 16-headed hydra closely misses you. The 16-headed hydra bites you.
* * * LOW HITPOINT WARNING * * *
The 16-headed hydra bites you!
* * * LOW HITPOINT WARNING * * *
The 16-headed hydra bites you!
* * * LOW HITPOINT WARNING * * *
The 16-headed hydra bites you!
You die...

##..## #.....### #...#...#
####..## ##......## ##......# #
#.#..## ##.......####....####
###....# #...###.....##....#
.......######...# ###.........###
...........#P..## #............#
.###.......#>..#######....##.....
.####......................##....
..###...).#.....@D..........####.
....##...#.#...###.........## ##
.....#...#.....# #..#......## ##
.......P#.##...#####....#...# #.
...............##..#........####.
...............###...............
......?..........##....^........#
..#............##.....#...##...##
..#.....P............##..####..##


You could see a 16-headed hydra.

Vanquished Creatures
  The ghost of krabocopter the Cleaver, a journeyman HOFi of Okawaru (D:8)
  A hydra (Lair:1)
  4 two-headed ogres
  A centaur warrior (D:8)
  2 ugly things (D:12)
  Pikel (D:7)
  2 cyclopes
  A manticore (D:8)
  Joseph (D:8)
  3 komodo dragons
  4 trolls
  A merfolk (D:9)
  Prince Ribbit (D:7)
  2 hippogriffs
  3 blink frogs (Lair:1)
  2 wyverns
  Sigmund (D:5)
  14 yaks
  Grum (D:10)
  A hungry ghost (D:7)
  2 vampire mosquitoes (D:11)
  A steam dragon (D:8)
  An acid dragon (D:11)
  Duvessa (D:7)
  A porcupine (Lair:1)
  9 orc warriors
  A water moccasin (Lair:1)
  2 sky beasts (D:8)
  4 ice beasts
  7 ogres
  10 necrophages
  3 phantoms
  5 centaurs
  11 wolves
  3 crocodiles (Lair:1)
  5 big kobolds
  10 bullfrogs
  A gnoll sergeant (D:12)
  3 scorpions
  Dowan (D:7)
  A water moccasin skeleton (D:9)
  9 wights
  A bullfrog zombie (D:9)
  2 electric eels (D:11)
  2 howler monkeys
  5 crimson imps
  2 centaur zombies
  A quasit (D:7)
  2 jellies
  10 orc priests
  2 centaur skeletons
  6 hounds
  5 bullfrog skeletons
  Jessica (D:2)
  Natasha (thrice) (D:3)
  5 iguanas
  7 orc wizards
  11 worker ants
  A big kobold zombie (Ossuary)
  9 mummies
  8 gnolls
  A howler monkey skeleton (D:6)
  13 adders
  4 shadow imps
  3 oozes
  4 worms (D:2)
  3 dart slugs
  2 leopard geckos
  37 orcs
  8 bats
  6 giant cockroaches
  A gnoll zombie (Ossuary)
  3 goblins (D:2)
  12 hobgoblins
  4 jackals
  18 kobolds
  8 quokkas
  A ball python (D:3)
  6 frilled lizards
  2 goblin zombies (Ossuary)
  A kobold zombie (Ossuary)
  2 orc zombies (Ossuary)
  7 rats
  A fungus (D:3)
368 creatures vanquished.

Vanquished Creatures (others)
  5 dream sheep (D:6)
  A slave (D:7)
  An orc wizard (D:5)
  A leopard gecko (D:7)
  An orc (D:7)
  5 kobolds (D:7)
  A plant (D:9)
  A withered plant (D:9)
16 creatures vanquished.

Grand Total: 384 creatures vanquished

Notes
Turn   | Place    | Note
-------+----------+-------------------------------------------
     0 | D:1      | krabocopter the Deep Dwarf Fighter began the quest for the Orb.
     0 | D:1      | Reached XP level 1. HP: 20/20 MP: 1/1
   104 | D:1      | Reached XP level 2. HP: 24/28 MP: 2/2
   274 | D:1      | Reached skill level 3 in Axes
   403 | D:1      | Reached XP level 3. HP: 21/34 MP: 3/3
   464 | D:1      | Found a snail-covered altar of Cheibriados.
  1040 | D:2      | Reached XP level 4. HP: 32/43 MP: 3/3
  1055 | D:2      | Found a shadowy altar of Dithmenos.
  1123 | D:2      | Reached skill level 4 in Axes
  1143 | D:2      | Noticed Jessica
  1150 | D:2      | Killed Jessica
  1556 | D:3      | Reached XP level 5. HP: 50/50 MP: 4/4
  1720 | D:3      | Noticed Natasha
  1727 | D:3      | Killed Natasha
  2001 | D:3      | Noticed Natasha
  2016 | D:3      | Reached skill level 5 in Axes
  2034 | D:3      | Killed Natasha
  2043 | D:3      | Noticed Natasha
  2053 | D:3      | Killed Natasha
  2243 | D:3      | Found a runed door.
  2368 | D:4      | Reached XP level 6. HP: 44/58 MP: 5/5
  2588 | D:4      | Reached skill level 6 in Axes
  2907 | D:4      | Gained mutation: You are frail. (-10% HP) [potion of mutation]
  2907 | D:4      | Gained mutation: You have a pair of small horns on your head. [potion of mutation]
  2907 | D:4      | Gained mutation: Your spells are a little harder to cast, but a little more powerful. [potion of mutation]
  3096 | D:4      | Reached XP level 7. HP: 36/59 MP: 4/4
  3214 | D:4      | Found an ornate altar of the Wu Jian Council.
  3342 | D:5      | Entered Level 5 of the Dungeon
  3367 | D:5      | Reached skill level 5 in Fighting
  3367 | D:5      | Reached skill level 7 in Axes
  3597 | D:5      | Noticed Sigmund
  3610 | D:5      | Killed Sigmund
  3610 | D:5      | Reached skill level 8 in Axes
  3654 | D:5      | Reached XP level 8. HP: 44/68 MP: 5/5
  3868 | D:5      | Identified 3 scrolls of acquirement
  3884 | D:5      | Got a twitching copper ring
  3886 | D:5      | Identified the ring of Etaitz {rN+ Slay+5} (You acquired it on level 5 of the Dungeon)
  4140 | D:5      | Reached skill level 9 in Axes
  4380 | D:6      | Found a staircase to the Ecumenical Temple.
  4397 | Temple   | Entered the Ecumenical Temple
  4636 | Temple   | Became a worshipper of Makhleb the Destroyer
  4750 | D:6      | Reached skill level 1 in Invocations
  4819 | D:6      | Reached skill level 10 in Axes
  5092 | D:6      | Found a shimmering altar of Xom.
  5092 | D:6      | Noticed a dream sheep
  5092 | D:6      | Noticed a dream sheep
  5092 | D:6      | Noticed a dream sheep
  5092 | D:6      | Noticed a dream sheep
  5092 | D:6      | Noticed a dream sheep
  5097 | D:6      | Killed a dream sheep
  5097 | D:6      | Killed a dream sheep
  5097 | D:6      | Killed a dream sheep
  5097 | D:6      | Killed a dream sheep
  5097 | D:6      | Killed a dream sheep
  5322 | D:7      | Found a sand-covered staircase.
  5331 | Ossuary  | Entered an ossuary
  5508 | Ossuary  | Lost mutation: You have a pair of small horns on your head. [potion of mutation]
  5508 | Ossuary  | Lost mutation: Your spells are a little harder to cast, but a little more powerful. [potion of mutation]
  5508 | Ossuary  | Lost mutation: You are frail. (-10% HP) [potion of mutation]
  5508 | Ossuary  | Gained mutation: Your muscles are strong. (Str +2) [potion of mutation]
  5508 | Ossuary  | Gained mutation: You are partially covered in icy blue scales. (AC +2) [potion of mutation]
  5508 | Ossuary  | Gained mutation: You are partially covered in large bone plates. (SH +4) [potion of mutation]
  5636 | D:7      | Reached skill level 1 in Evocations
  5636 | D:7      | Gained mutation: You passively map the area around you. [Deep Dwarf growth]
  5636 | D:7      | Reached XP level 9. HP: 57/82 MP: 8/8
  5660 | D:7      | Noticed Duvessa
  5678 | D:7      | Noticed Dowan
  5684 | D:7      | Killed Dowan
  5689 | D:7      | Killed Duvessa
  5689 | D:7      | Reached * piety under Makhleb
  5715 | D:7      | Noticed Prince Ribbit
  5756 | D:7      | You fall through a shaft for 3 floors!
  5756 | D:10     | Entered Level 10 of the Dungeon
  5785 | D:9      | Reached skill level 11 in Axes
  5837 | D:9      | Noticed a merfolk
  5878 | D:9      | Killed a merfolk
  5957 | D:9      | Noticed a two-headed ogre
  5967 | D:9      | Found a staircase to the Lair.
  5967 | D:9      | Noticed a komodo dragon
  5982 | D:9      | Found Kopt's Distillery.
  5985 | D:9      | Bought a potion of heal wounds for 65 gold pieces
  6032 | D:8      | Reached skill level 12 in Axes
  6032 | D:8      | Reached skill level 5 in Evocations
  6047 | D:7      | Found a shimmering altar of Xom.
  6089 | D:8      | Noticed a two-headed ogre
  6128 | D:8      | Killed a two-headed ogre
  6273 | D:8      | Reached XP level 10. HP: 32/91 MP: 9/9
  6309 | D:8      | Noticed krabocopter's ghost (journeyman HOFi)
  6359 | D:9      | Killed a two-headed ogre
  6556 | D:9      | Reached skill level 5 in Shields
  6645 | D:9      | Reached ** piety under Makhleb
  6708 | D:9      | Reached skill level 5 in Dodging
  6926 | D:9      | Found a snail-covered altar of Cheibriados.
  6926 | D:9      | Found a blossoming altar of Fedhas.
  6931 | D:9      | Found a shattered altar of Ashenzari.
  6935 | D:9      | Found an iron altar of Okawaru.
  6937 | D:9      | Found an ancient bone altar of Kikubaaqudgha.
  7040 | D:9      | Found a basalt altar of Yredelemnul.
  7202 | D:8      | Noticed a manticore
  7253 | D:8      | Killed krabocopter's ghost
  7270 | D:8      | Killed a manticore
  7282 | D:8      | Got a warped dagger {flame}
  7283 | D:8      | Identified the +8 dagger "Viasupebb" {flame, Int+4} (You took it off a big kobold on level 8 of the Dungeon)
  7326 | D:8      | Noticed a centaur warrior
  7343 | D:8      | Killed a centaur warrior
  7343 | D:8      | Reached XP level 11. HP: 60/97 MP: 8/8
  7387 | D:8      | Identified the Almanac of Lethal Ignition
  7606 | D:8      | Noticed a two-headed ogre
  7628 | D:8      | Killed a two-headed ogre
  7782 | D:8      | Noticed Joseph
  7795 | D:8      | Killed Joseph
  7943 | D:7      | Noticed Pikel
  7966 | D:7      | Killed Pikel
  8052 | D:7      | Found Dunkiar's Book Emporium.
  8087 | D:7      | Reached *** piety under Makhleb
  8089 | D:7      | Killed Prince Ribbit
  8173 | D:7      | Found a glowing golden altar of the Shining One.
  9024 | D:10     | Got a faintly glowing tin ring
  9026 | D:10     | Identified the ring of Lephear {+Fly rElec Str-2 Slay+4} (You found it on level 10 of the Dungeon)
  9034 | D:10     | Noticed Grum
  9049 | D:10     | Killed Grum
  9580 | D:11     | Reached **** piety under Makhleb
  9582 | D:11     | Reached skill level 10 in Shields
  9778 | D:11     | Found a frozen archway.
  9795 | D:11     | Noticed a two-headed ogre
  9801 | D:11     | Killed a two-headed ogre
  9801 | D:11     | Reached skill level 10 in Dodging
 10023 | D:11     | Reached ***** piety under Makhleb
 10066 | D:11     | Found a staircase to the Orcish Mines.
 10264 | D:12     | Found Gutuj's Armour Shop.
 10264 | D:12     | Noticed a red ugly thing
 10271 | D:12     | Killed a red ugly thing
 10271 | D:12     | Reached XP level 12. HP: 104/106 MP: 9/9
 10288 | D:12     | Bought the +4 ring mail "Jagos" {Regen+ Dex+7} for 548 gold pieces
 10548 | D:12     | Reached skill level 5 in Armour
 10767 | D:13     | Noticed an anaconda
 10767 | D:13     | a swamp worm changed into an anaconda
 10768 | D:13     | an anaconda changed into a slime creature
 10771 | D:13     | Noticed a two-headed ogre
 10909 | Lair:1   | Entered Level 1 of the Lair of Beasts
 11014 | Lair:1   | Noticed a four-headed hydra
 11022 | Lair:1   | Killed a seven-headed hydra
 11022 | Lair:1   | Reached skill level 5 in Invocations
 12031 | Lair:1   | Noticed an eight-headed hydra
 12046 | Lair:1   | Slain by a 16-headed hydra

Vault maps used:
D:1:      dpeg_arrival_rooms_a, cheibriados_altar_1
D:2:      lemuel_doored_altar, first_bread, uniq_jessica
D:3:      uniq_crazy_yiuf_cottage, uniq_natasha
D:4:      nicolae_overflow_hidden_temple
D:5:      uniq_sigmund
D:6:      kb_xom_exploding_sheep, minmay_temple_entry_large_hall
D:7:      lemuel_upstairs_altar, nicolae_tso_carved_into_rock, serial_shops,
          nicolae_shop_behind_doors, nicolae_ossuary_entry_ruins,
          uniq_prince_ribbit1, uniq_duvessa, uniq_pikel
D:8:      minmay_radiant, uniq_joseph
D:9:      chequers_temple_overflow_minitemple, lemuel_coloured_pillars_altar,
          david_lair_shrubbed, serial_shops, kennysheep_mini_moat,
          serial_undead, serial_undead_a, serial_undead_e, serial_undead_d,
          serial_undead_c, hangedman_fish_farm
D:10:     uniq_grum
D:11:     erik_orc_2, portal_ice_cave_entry_pillars_2, st_stairs_6
D:12:     serial_shops, shop_fountains
D:13:     minmay_bloctagon, grunt_vaults_entry_fortified, serial_bayou,
          serial_bayou_crossing, serial_bayou_pond_c, serial_bayou_shore_b,
          serial_bayou_lagoon_b, serial_bayou_shore_b, serial_bayou_pond_e,
          spider_trap, kennysheep_island_fort
Temple:   minmay_temple_forest_path
Lair:1:   dpeg_stationary_puzzle
Ossuary:  ossuary_crypta

Skill      XL: |  1  2  3  4  5  6  7  8  9 10 11 12 |
---------------+-------------------------------------+-----
Fighting       | 3 4 5 6 8 |  8.1
Axes           | 3 4 5 6 8 10 12 | 12.9
Invocations    | 3 6 |  6.1
Evocations     | 1 5 |  5.0
Dodging        | 2 7 10 | 10.3
Shields        | 4 8 11 | 11.0
Armour         | 6 |  6.6

Action                   |  1- 3 |  4- 6 |  7- 9 | 10-12 || total
-------------------------+-------+-------+-------+-------++-------
Melee: War axe           |   103 |   192 |   288 |   667 ||  1250
       Headbutt          |       |     2 |    42 |       ||    44
Invok: Minor Destruction |       |       |       |     2 ||     2
       Major Destruction |       |       |       |     4 ||     4
       Lesser Servant of |       |       |       |     1 ||     1
 Abil: Heal Wounds       |     1 |     6 |    11 |     9 ||    27
       Evoke Berserk Rag |       |       |     2 |       ||     2
Evoke: Wand              |       |       |     1 |     3 ||     4
  Use: Potion            |       |     7 |     2 |     4 ||    13
       Scroll            |       |       |    17 |    11 ||    28
  Eat: Chunk             |     1 |     6 |     8 |    20 ||    35
       Meat ration       |       |       |     1 |       ||     1
Armor: Scale mail        |    48 |    54 |       |       ||   102
       Leather armour    |       |     1 |    43 |       ||    44
       Steam dragon scal |       |       |       |    36 ||    36
       Ring mail         |       |       |       |    55 ||    55
Dodge: Dodged            |    44 |    46 |    71 |   209 ||   370
Block: Shield            |    72 |    76 |   150 |   421 ||   719
